 Dungeon Crawl Stone Soup version 0.23.1-37-gaa34b87b72 (webtiles) character file.

Game seed: 10844970778659565796

72993 acidapple the Carver (level 15, -12/117 HPs)
             Began as a Demonspawn Monk on Mar 21, 2019.
             Was the Champion of Makhleb.
             Killed from afar by a red draconian (glowing shapeshifter) (14 damage)
             ... with a searing blast
             ... on level 14 of the Dungeon on Mar 22, 2019.
             The game lasted 01:13:02 (23128 turns).

acidapple the Carver (Demonspawn Monk)             Turns: 23128, Time: 01:13:03

Health: -12/117    AC: 22    Str: 22    XL:     15   Next: 2%
Magic:  25/25      EV: 21    Int: 12    God:    Makhleb [******]
Gold:   2282       SH:  0    Dex: 23    Spells: 14/14 levels left

rFire    + . .     SeeInvis +   A - +4 scimitar (flame)
rCold    . . .     Gourm    .   (no shield)
rNeg     . . .     Faith    .   x - +6 scale mail of Libiec {Regen+ SInv}
rPois    .         Spirit   .   O - +2 hat
rElec    .         Reflect  .   n - scarf {cloud immunity}
rCorr    .         Harm     .   l - +2 pair of gloves "Zety" {rF+ Dex+2}
MR       +....                  U - +2 pair of boots {Fly}
Stlth    ++........             y - amulet of rage
HPRegen  0.69/turn              r - +4 ring of dexterity
MPRegen  0.19/turn              N - ring of Quleunaco {Wiz +Fly Str+9 Dex-3}

@: marked, flying, very slightly contaminated
A: claws 2, demonic guardian 2, spiny 1, sturdy frame 2
a: Minor Destruction, Lesser Servant of Makhleb, Major Destruction, Greater
Servant of Makhleb, Renounce Religion, Evoke Berserk Rage, Stop Flying


You were on level 14 of the Dungeon.
You worshipped Makhleb.
Makhleb was exalted by your worship.
You were hungry.

You visited 4 branches of the dungeon, and saw 22 of its levels.
You also visited: Gauntlet, Ice Cave and Volcano.

You collected 2436 gold pieces.
You spent 154 gold pieces at shops.

Inventory:

Hand Weapons
 A - a +4 scimitar of flaming (weapon)
   (You took it off Erica on level 10 of the Dungeon)
 G - the +11 demon whip of Articulation {venom, Dex+7 Stlth-}
   (You found it in an ice cave)

   It poisons the flesh of those it strikes.
   It affects your dexterity (+7).
   It makes you less stealthy.
 R - a +2 great sword of flaming
   (You took it off a fire giant on level 12 of the Dungeon)
Missiles
 s - 21 javelins of penetration
 D - 2 throwing nets (quivered) {!f}
Armour
 l - the +2 pair of gloves "Zety" (worn) {rF+ Dex+2}
   (You found it in a Gauntlet)

   It affects your dexterity (+2).
   It protects you from fire.
 n - a scarf of cloud immunity (worn)
   (You bought it in a shop on level 6 of the Dungeon)
 x - the +6 scale mail of Libiec (worn) {Regen+ SInv}
   (You took it off a minotaur in a Gauntlet)

   It lets you see invisible.
   It increases your rate of regeneration.
 M - the +2 pair of gloves of Daisies {+Blink rF- rN+ Regen+}
   (You found it in an ice cave)

   It makes you vulnerable to fire.
   It protects you from negative energy.
   It lets you blink.
   It increases your rate of regeneration.
 O - a +2 hat (worn)
   (You found it in a Gauntlet)
 S - the +8 chain mail of New Discoveries {rPois rN+ Int+4}
   (You found it on level 12 of the Dungeon)

   It affects your intelligence (+4).
   It protects you from poison.
   It protects you from negative energy.
 T - a +2 cloak of poison resistance
   (You found it on level 12 of the Dungeon)
 U - a +2 pair of boots of flying (worn)
   (You found it in an ice cave)
Jewellery
 k - an uncursed ring of fire
   (You found it on level 1 of the Dungeon)
 o - an uncursed ring of protection from cold
   (You took it off an orc on level 12 of the Dungeon)
 r - a +4 ring of dexterity (left hand)
   (You found it on level 2 of the Dungeon)
 y - an amulet of rage (around neck)
   (You found it on level 6 of the Dungeon)
 z - an uncursed ring of see invisible
   (You found it on level 10 of the Dungeon)
 E - an uncursed ring of flight
   (You found it on level 7 of the Dungeon)
 L - an uncursed ring of poison resistance
   (You found it on level 3 of the Lair of Beasts)
 N - the ring of Quleunaco (right hand) {Wiz +Fly Str+9 Dex-3}
   (You found it on level 12 of the Dungeon)

   [ring of wizardry]

   It improves your spell success rate.
   It affects your strength (+9).
   It affects your dexterity (-3).
   It lets you fly.
Wands
 b - a wand of clouds (4)
   (You found it on level 8 of the Dungeon)
 c - a wand of disintegration (2)
   (You found it on level 6 of the Dungeon)
 d - a wand of iceblast (15)
   (You found it on level 2 of the Lair of Beasts)
 t - a wand of flame (18)
   (You took it off Edmund on level 6 of the Dungeon)
 u - a wand of paralysis (25)
   (You found it on level 6 of the Dungeon)
 v - a wand of digging (3)
   (You found it on level 4 of the Lair of Beasts)
 V - a wand of enslavement (8)
   (You found it on level 13 of the Dungeon)
Scrolls
 h - 9 scrolls of teleportation {@r4}
 j - 6 scrolls of immolation {!r}
 m - 3 scrolls of random uselessness
 p - 2 scrolls of enchant weapon
 C - 5 scrolls of remove curse {@r2}
 K - 13 scrolls of identify {@r1}
 Q - a scroll of fog
Potions
 a - 4 potions of haste {@q3}
 f - 6 potions of curing {@q1}
 g - 2 potions of flight
 i - a potion of magic
 q - a potion of brilliance
 w - 2 potions of cancellation
 B - a potion of resistance
 F - 3 potions of might
 H - 4 potions of invisibility
 P - a potion of agility
Miscellaneous
 I - a fan of gales
   (You found it in a Gauntlet)
Comestibles
 e - 42 rations {!d}
 W - 18 chunks of flesh


   Skills:
 + Level 10.4 Fighting
 * Level 14.9 Long Blades
 - Level 2.0 Throwing
 + Level 5.6 Armour
 + Level 10.7 Dodging
 - Level 2.0 Stealth
 + Level 14.3 Invocations
 - Level 8.0 Evocations


You had 14 spell levels left.
You didn't know any spells.
Your spell library contained the following spells:

 Spells                   Type           Power        Failure   Level  Hunger
 Beastly Appendage        Tmut           #.....       17%         1    ##.....
 Pain                     Necr           #...         17%         1    ##.....
 Poisonous Vapours        Pois/Air       #.....       26%         2    ###....
 Sticks to Snakes         Tmut           #.......     26%         2    ###....
 Conjure Flame            Conj/Fire      #.......     45%         3    ####...
 Ignite Poison            Fire/Tmut/Pois #.......     45%         3    ####...
 Mephitic Cloud           Conj/Pois/Air  #.......     45%         3    ####...
 Spider Form              Tmut/Pois      #.........   45%         3    ####...
 Stone Arrow              Conj/Erth      #.....       45%         3    ####...
 Animate Dead             Necr           N/A          85%         4    #####..
 Ice Form                 Ice/Tmut       #.......     85%         4    #####..
 Summon Lightning Spire   Summ/Air       #.......     85%         4    #####..
 Blade Hands              Tmut           #.........   99%         5    ######.
 Bolt of Draining         Conj/Necr      #.........   99%         5    ######.
 Borgnjor's Vile Clutch   Necr/Erth      #.........   99%         5    ######.
 Fireball                 Conj/Fire      #.........   99%         5    ######.
 Lee's Rapid Deconstruct  Erth           #.........   99%         5    ######.
 Bolt of Fire             Conj/Fire      #.........   100%        6    #######
 Deflect Missiles         Chrm/Air       #.........   100%        6    #######
 Freezing Cloud           Conj/Ice/Air   #.........   100%        6    #######
 Iron Shot                Conj/Erth      #.........   100%        6    #######
 Ring of Flames           Chrm/Fire      #.........   100%        7    #######
 Ignition                 Fire           #.........   100%        8    #######


Dungeon Overview and Level Annotations

Branches:
Dungeon (14/15)            Temple (1/1) D:5            Lair (6/6) D:8
  Swamp (0/4) Lair:4       Spider (0/4) Lair:3        Slime (0/5) Lair:5
    Orc (2/2) D:12            Elf (0/3) Orc:2
 Vaults: D:13-14

Altars:
Ashenzari
Cheibriados
Dithmenos
Elyvilon
Fedhas
Gozag
Hepliaklqana
Kikubaaqudgha
Makhleb
Nemelex Xobeh
Okawaru
Qazlal
Ru
Sif Muna
Trog
Uskayaw
Vehumet
Wu Jian
Xom
Yredelemnul
The Shining One
Beogh

Shops:
D:6 [?}(   D:9 (   D:12 ([   Orc:2 [*(:[(!*

Portals:
Hell: Lair:6

Annotations:
D:3 Grinder
D:5 2 transporters, Chiseanne's ghost, amateur SpWn
D:14 Rupert
Lair:2 exclusion: oklob plant


Innate Abilities, Weirdness & Mutations

You have very sharp fingernails.
A demonic guardian rushes to your aid.
You are partially covered in sharp spines.
Your movements are less encumbered by armour. (ER -4)


Message History

A demon appears!
The yaktaur shoots a bolt.
The bolt hits you.
The slime creature is struck by your spines.
The slime creature completely misses you.
The vampire is struck by your spines. The vampire closely misses you. x2
A deep elf mage comes into view. It is wielding a +0 dagger.
The acid dragon spits acid at you. The splash of acid misses you.
The large slime creature is struck by your spines.
The large slime creature hits you!!
* * * LOW HITPOINT WARNING * * *
Your soul eater hits the slime creature!!
The slime creature dies!
Makhleb accepts your kill.
You completely miss the vampire.
The vampire hits you but does no damage.
The vampire closely misses you.
The yaktaur shoots a bolt.
The bolt misses you. The bolt barely misses your soul eater.
The yaktaur shoots a bolt.
The bolt completely misses you. The bolt hits your cacodemon.
You slash the vampire! You burn the vampire.
The large slime creature is struck by your spines.
The large slime creature closely misses you.
The vampire hits you but does no damage.
The vampire misses you.
You closely miss the vampire.
The large slime creature is struck by your spines.
The large slime creature closely misses you.
The yaktaur shoots a bolt.
The bolt hits you!
* * * LOW HITPOINT WARNING * * *
The yaktaur shoots a bolt.
The bolt hits you!!
* * * LOW HITPOINT WARNING * * *
Your soul eater hits the large slime creature!
The large slime creature dies!
Makhleb accepts your kill.
Blink to where?
You are very lightly contaminated with residual magic.
As you read the scroll of blinking, it crumbles to dust.
An ice dragon comes into view.
Your cacodemon gestures at the vampire.
The vampire seems to slow down.
Blink to where?
As you read the scroll of blinking, it crumbles to dust.
A seven-headed hydra comes into view.
The seven-headed hydra changes into a red draconian!
The ice dragon breathes frost at you. The blast of cold hits you!!
* * * LOW HITPOINT WARNING * * *
Okay, then.
The red draconian breathes flames at you.
The searing blast hits you! You resist.
You die...

.. #######..###........
...#..........#.##....÷
#..#.#####..#.# ####..
#..#.# #..#.# #.#
#..#.# #..#.# #.#
#..#.#####..#.# #.#
########...).......#.#
#.
.........#.######.#.#
#.
.##.....d..[.@.....#^#
#.
......###.#.######....
#. ..........#.# ....
.########.#.# ...
#...#.# .###
#.###.D######.
#.###.........
#.#.....#.######
#.#.....#§#


You could see a red draconian shaped shifter.

Vanquished Creatures
  A storm dragon (D:12)
  A fire giant (D:12)
  An orc warlord (Orc:2)
  Nessos (Lair:4)
  A minotaur (Gauntlet)
  A yaktaur captain (D:12)
  Erica (D:10)
  6 hydras
  A centaur warrior (D:12)
  Urug (Lair:4)
  A sun demon (Lair:6)
  2 unseen horrors
  A wizard (Lair:6)
  Pikel (D:9)
  An orc knight (Orc:2)
  7 deep elf magi
  3 ugly things
  A manticore (D:13)
  5 elephants (Lair:6)
  4 cyclopes
  2 ice statues (IceCv)
  7 black mambas
  9 spiny frogs
  2 centaur skeletons
  A rime drake (shapeshifter) (D:14)
  6 rime drakes
  3 komodo dragons
  2 kobold demonologists (D:13)
  An efreet (D:14)
  2 freezing wraiths
  10 ice devils
  A hellwing (Lair:6)
  A queen bee (Gauntlet)
  2 trolls
  8 blink frogs
  6 hippogriffs
  5 slime creatures
  5 shadows
  A redback (Lair:3)
  3 wyverns
  29 yaks
  A water elemental (D:12)
  6 basilisks
  2 hungry ghosts
  A vampire mosquito (D:12)
  3 soldier ants
  Edmund (D:6)
  3 hell hounds (Lair:6)
  16 water moccasins
  3 porcupines
  4 sky beasts
  3 phantoms
  3 ice beasts
  A black bear (D:10)
  A hornet zombie (D:11)
  23 orc warriors
  A slave (D:9)
  2 eyes of draining
  3 ogres
  8 wolves
  8 centaurs
  11 crocodiles
  5 big kobolds
  22 bullfrogs
  A gnoll sergeant (D:10)
  4 scorpions
  8 killer bees
  2 wights
  5 electric eels
  9 crimson imps
  5 howler monkeys
  2 centaur zombies
  A bullfrog zombie (D:10)
  3 quasits
  3 hounds
  21 orc priests
  6 jellies
  Crazy Yiuf (D:2)
  5 bullfrog skeletons
  5 iguanas
  28 orc wizards
  Terence (D:2)
  Natasha (D:3)
  8 worker ants
  A hound skeleton (D:6)
  A worker ant zombie (D:9)
  Robin (D:2)
  7 gnolls
  15 adders
  3 shadow imps
  25 white imps
  8 ufetubi (IceCv)
  An ooze (D:5)
  2 adder zombies
  5 worms
  7 dart slugs
  3 leopard geckos
  107 orcs
  7 giant cockroaches
  14 goblins
  22 hobgoblins
  5 jackals (D:5)
  4 quokkas
  2 ball pythons
  12 bats
  5 frilled lizards
  A jackal skeleton (D:6)
  A jackal zombie (D:5)
  29 kobolds
  A leopard gecko zombie (D:5)
  9 rats
695 creatures vanquished.

Vanquished Creatures (collateral kills)
  A reaper (IceCv)
  A stone giant (Orc:2)
  4 hydras
  A two-headed ogre (D:12)
  2 death yaks (Lair:4)
  2 orc sorcerers (Orc:2)
  An orc knight (Orc:1)
  A cyclops (Orc:1)
  4 deep elf magi (Orc:1)
  2 black mambas
  A torpor snail (Lair:4)
  2 spiny frogs
  A centaur skeleton (D:10)
  2 orange demons (Lair:6)
  2 komodo dragons
  An ice devil (IceCv)
  A troll (Orc:2)
  A polar bear (Lair:4)
  A hornet (D:7)
  2 slime creatures (D:14)
  A hippogriff (D:8)
  4 blink frogs
  A wraith (D:12)
  A shadow (Gauntlet)
  A basilisk (Lair:1)
  11 yaks
  2 wargs
  A hell hound (Lair:6)
  A porcupine (D:8)
  3 water moccasins
  18 orc warriors
  A sky beast (D:10)
  An ice beast (D:8)
  A slave (D:9)
  A black bear (D:9)
  5 ogres
  A wolf (Lair:3)
  A centaur (D:10)
  2 bullfrogs
  A scorpion (D:6)
  A killer bee (D:12)
  An electric eel (Orc:2)
  5 wights
  A centaur zombie (D:6)
  A jelly (D:8)
  9 orc priests
  An iguana (D:10)
  8 orc wizards
  A worker ant (D:13)
  6 gnolls
  An ooze (D:6)
  An adder zombie (D:6)
  34 orcs
  A hobgoblin (D:8)
  2 kobolds
  A fungus (Lair:6)
  2 withered plants (Gauntlet)
167 creatures vanquished.

Vanquished Creatures (others)
  An orc priest (Orc:2)
  3 white imps (IceCv)
  An ufetubus (IceCv)
  An orc (Orc:1)
  A frilled lizard (D:5)
  8 fungi
  5 plants
  3 withered plants (Gauntlet)
23 creatures vanquished.

Grand Total: 885 creatures vanquished

Notes
Turn   | Place    | Note
-------+----------+-------------------------------------------
     0 | D:1      | acidapple the Demonspawn Monk began the quest for the Orb.
     0 | D:1      | Reached XP level 1. HP: 18/18 MP: 1/1
   154 | D:1      | Gained mutation: You are partially covered in sharp spines.
                  | [demonic ancestry]
   154 | D:1      | Reached XP level 2. HP: 17/24 MP: 2/2
   691 | D:1      | Gained mutation: You have sharp fingernails. [demonic
                  | ancestry]
   691 | D:1      | Reached XP level 3. HP: 29/29 MP: 3/3
   801 | D:2      | Found a sparkling altar of Nemelex Xobeh.
  1439 | D:2      | Reached XP level 4. HP: 35/35 MP: 4/4
  1481 | D:2      | Found a stormy altar of Qazlal.
  1637 | D:2      | Found a basalt altar of Yredelemnul.
  1672 | D:2      | Noticed Terence
  1694 | D:2      | Killed Terence
  1725 | D:2      | Noticed Robin
  1739 | D:2      | Reached skill level 5 in Long Blades
  1752 | D:2      | Killed Robin
  1811 | D:2      | Found a runed translucent door.
  1812 | D:2      | Noticed Crazy Yiuf
  1852 | D:2      | Gained mutation: A weak demonic guardian rushes to your
                  | aid. [demonic ancestry]
  1852 | D:2      | Reached XP level 5. HP: 27/41 MP: 5/5
  1878 | D:2      | Found a white marble altar of Elyvilon.
  2120 | D:2      | Killed Crazy Yiuf
  2254 | D:3      | Noticed Grinder
  2323 | D:3      | Noticed Natasha
  2341 | D:3      | Killed Natasha
  2893 | D:3      | You fall through a shaft for 3 floors!
  2894 | D:6      | Noticed an ogre
  2909 | D:6      | Reached XP level 6. HP: 14/47 MP: 6/6
  3542 | D:6      | Found Fatz's Gadget Shoppe.
  3554 | D:5      | Entered Level 5 of the Dungeon
  3562 | D:5      | Gained mutation: You have very sharp fingernails. [demonic
                  | ancestry]
  3562 | D:5      | Reached XP level 7. HP: 52/52 MP: 7/7
  4212 | D:5      | Found a staircase to the Ecumenical Temple.
  4221 | Temple   | Entered the Ecumenical Temple
  4361 | Temple   | Became a worshipper of Makhleb the Destroyer
  4361 | Temple   | Reached * piety under Makhleb
  4361 | Temple   | Reached ** piety under Makhleb
  4425 | D:5      | Reached skill level 1 in Invocations
  4481 | D:5      | Found a hazy altar of Hepliaklqana.
  4541 | D:5      | Identified the +10 trident of Vohenk {venom, MR+ Str+2
                  | Stlth+}
  4541 | D:5      | Identified the +4 ring mail "Geph" {+Inv}
  4548 | D:5      | Found a transporter.
  4548 | D:5      | Found a transporter.
  4557 | D:5      | Noticed Chiseanne's ghost (amateur SpWn)
  4616 | D:6      | Found Cigilale's Weapon Shoppe.
  4716 | D:6      | Noticed Edmund
  4719 | D:6      | Gained mutation: Your movements are slightly less
                  | encumbered by armour. (ER -2) [demonic ancestry]
  4719 | D:6      | Reached XP level 8. HP: 54/58 MP: 10/10
  4733 | D:6      | Killed Edmund
  4837 | D:6      | Found Hianaddi's Armour Shop.
  4846 | D:6      | Reached skill level 5 in Invocations
  4850 | D:6      | Found Iniseh's Magic Scroll Shoppe.
  4862 | D:6      | Bought a scroll of teleportation for 42 gold pieces
  4862 | D:6      | Bought a scroll of identify for 28 gold pieces
  4873 | D:6      | Bought a scarf of cloud immunity for 84 gold pieces
  5149 | D:7      | Noticed a hornet
  5159 | D:7      | Killed a hornet
  5289 | D:7      | Reached XP level 9. HP: 52/63 MP: 15/15
  5777 | D:7      | Reached *** piety under Makhleb
  5777 | D:7      | Reached skill level 10 in Long Blades
  5832 | D:7      | Reached skill level 1 in Evocations
  6795 | D:8      | Found a staircase to the Lair.
  7286 | D:8      | Reached **** piety under Makhleb
  7659 | D:9      | Found a sacrificial altar of Ru.
  7666 | D:9      | Reached XP level 10. HP: 70/70 MP: 16/16
  7694 | D:9      | Reached skill level 5 in Evocations
  7963 | D:9      | Noticed Pikel
  7979 | D:9      | Killed Pikel
  8245 | D:9      | Found Siotunn's Antique Weapon Shop.
  8348 | D:10     | Entered Level 10 of the Dungeon
  8786 | D:10     | Reached skill level 10 in Invocations
  8791 | D:10     | Reached skill level 5 in Dodging
  8807 | D:10     | Noticed Erica
  9125 | D:10     | Killed Erica
  9125 | D:10     | Reached XP level 11. HP: 52/75 MP: 18/18
  9584 | Lair:1   | Entered Level 1 of the Lair of Beasts
  9954 | Lair:1   | Noticed a seven-headed hydra
  9967 | Lair:1   | Killed a seven-headed hydra
  9982 | Lair:1   | Found a dark tunnel.
  9995 | Volcano  | Entered a volcano
 10073 | Volcano  | Noticed a red draconian
 11587 | Lair:2   | Reached skill level 5 in Fighting
 11613 | Lair:2   | Noticed an oklob plant
 12166 | Lair:3   | Gained mutation: Your movements are less encumbered by
                  | armour. (ER -4) [demonic ancestry]
 12166 | Lair:3   | Reached XP level 12. HP: 68/88 MP: 19/19
 12187 | Lair:3   | Noticed a seven-headed hydra
 12194 | Lair:3   | Killed a four-headed hydra
 12194 | Lair:3   | Reached skill level 1 in Armour
 12210 | Lair:3   | Noticed a four-headed hydra
 12216 | Lair:3   | Killed a three-headed hydra
 12316 | Lair:3   | Noticed an eight-headed hydra
 12322 | Lair:3   | Killed a five-headed hydra
 12547 | Lair:3   | Found a hole to the Spider Nest.
 13145 | Lair:4   | Noticed Urug
 13329 | Lair:4   | Killed Urug
 13693 | Lair:4   | Noticed Nessos
 13710 | Lair:4   | Killed Nessos
 13761 | Lair:4   | Noticed a four-headed hydra
 13779 | Lair:4   | Killed a one-headed hydra
 13851 | Lair:4   | Noticed a death yak
 13852 | Lair:4   | Noticed a death yak
 13866 | Lair:4   | Killed a death yak
 13877 | Lair:4   | Killed a death yak
 14292 | Lair:4   | Found a staircase to the Swamp.
 14794 | Lair:5   | Identified a scroll of acquirement
 14992 | Lair:5   | Found a staircase to the Slime Pits.
 15098 | Lair:5   | Reached XP level 13. HP: 87/99 MP: 20/20
 15197 | Lair:5   | Reached ***** piety under Makhleb
 15243 | Lair:5   | Found the +8 whip "Snakebite" {curare, rPois}
 15609 | Lair:6   | Entered Level 6 of the Lair of Beasts
 16124 | Lair:6   | Found a burning altar of Makhleb.
 16577 | Lair:6   | Found a gateway to Hell.
 17648 | D:11     | Found a white marble altar of Elyvilon.
 17758 | D:11     | Reached skill level 10 in Fighting
 18118 | D:12     | Found Rigumu's Armour Emporium.
 18118 | D:12     | Found a staircase to the Orcish Mines.
 18118 | D:12     | Found Enel's Weapon Emporium.
 18315 | D:12     | Got an iridescent war axe
 18699 | D:12     | Reached ****** piety under Makhleb
 18716 | D:12     | Reached skill level 10 in Dodging
 18939 | D:12     | Reached XP level 14. HP: 90/110 MP: 23/23
 19074 | D:12     | Got a crude shortbow
 19135 | D:12     | Noticed a fire giant
 19153 | D:12     | Killed a fire giant
 19252 | D:12     | Noticed a storm dragon
 19267 | D:12     | Killed a storm dragon
 19272 | D:12     | Got a fine granite ring
 19274 | D:12     | Got a distressingly furry chain mail
 19290 | D:12     | Identified the +8 chain mail of New Discoveries {rPois rN+
                  | Int+4} (You found it on level 12 of the Dungeon)
 19312 | D:12     | Identified the ring of Quleunaco {Wiz +Fly Str+9 Dex-3}
                  | (You found it on level 12 of the Dungeon)
 19363 | Orc:1    | Entered Level 1 of the Orcish Mines
 20305 | Orc:2    | Entered Level 2 of the Orcish Mines
 20324 | Orc:2    | Found Tunoemod's Antique Armour Shop.
 20334 | Orc:2    | Found Naunisiu's Book Shop.
 20375 | Orc:2    | Found Itweceg's Distillery.
 20383 | Orc:2    | Found Ihiefed's Book Boutique.
 20393 | Orc:2    | Noticed a stone giant
 20398 | Orc:2    | Killed a stone giant
 20401 | Orc:2    | Found a roughly hewn altar of Beogh.
 20403 | Orc:2    | Found Hibruux's Antique Weapon Boutique.
 20414 | Orc:2    | Found a staircase to the Elven Halls.
 20437 | Orc:2    | Found Zarais's Assorted Antiques.
 20458 | Orc:2    | Found a gate leading to a gauntlet.
 20471 | Gauntlet | Entered a Gauntlet
 20471 | Gauntlet | Found a transporter.
 20471 | Gauntlet | Found a transporter.
 20473 | Gauntlet | Found a transporter.
 20474 | Gauntlet | Found a transporter.
 20477 | Gauntlet | Found a transporter.
 20477 | Gauntlet | Found a transporter.
 20483 | Gauntlet | Found a transporter.
 20485 | Gauntlet | Found a transporter.
 20486 | Gauntlet | Found a transporter.
 20488 | Gauntlet | Found a transporter.
 20496 | Gauntlet | Found a transporter.
 20497 | Gauntlet | Found a transporter.
 20780 | Gauntlet | Got a pair of jewelled gloves
 20791 | Gauntlet | Identified the +2 pair of gloves "Zety" {rF+ Dex+2} (You
                  | found it in a Gauntlet)
 20805 | Gauntlet | Identified the +6 scale mail of Libiec {Regen+ SInv}
 20820 | Gauntlet | Identified Nokhlutt's Handbook of Clay
 20820 | Gauntlet | Identified the Guide on Dark Arts and Air
 20872 | Orc:2    | Found a roughly hewn altar of Beogh.
 20909 | Orc:2    | Found a roughly hewn altar of Beogh.
 21243 | Orc:2    | Found a roughly hewn altar of Beogh.
 21316 | Orc:2    | Noticed an orc warlord
 21346 | Orc:2    | Paralysed by an orc sorcerer for 4 turns
 21525 | Orc:2    | Killed an orc warlord
 21525 | Orc:2    | Reached skill level 5 in Armour
 21526 | Orc:2    | Found Qoafan's Antique Weapon Shop.
 21527 | Orc:2    | Found a roughly hewn altar of Beogh.
 21530 | Orc:2    | Found Xekheagg's Antique Armour Boutique.
 21759 | Orc:2    | Found a roughly hewn altar of Beogh.
 21857 | Orc:2    | Found a roughly hewn altar of Beogh.
 21857 | Orc:2    | Found Hejexkimeh's General Store.
 21859 | Orc:2    | Reached skill level 1 in Throwing
 22249 | D:13     | Found a frozen archway.
 22259 | IceCv    | Entered an ice cave
 22454 | IceCv    | Got a pair of polished gloves
 22455 | IceCv    | Identified the +2 pair of gloves of Daisies {+Blink rF- rN+
                  | Regen+} (You found it in an ice cave)
 22535 | IceCv    | Noticed a reaper
 22551 | IceCv    | Killed a reaper
 22580 | IceCv    | Got a crystal demon whip
 22582 | IceCv    | Identified the +11 demon whip of Articulation {venom, Dex+7
                  | Stlth-} (You found it in an ice cave)
 23106 | D:14     | Gained mutation: A demonic guardian rushes to your aid.
                  | [demonic ancestry]
 23106 | D:14     | Reached XP level 15. HP: 117/117 MP: 25/25
 23120 | D:14     | Noticed Rupert
 23127 | D:14     | HP: 2/117 [ice dragon/blast of cold (31)]
 23128 | D:14     | Killed from afar by a red draconian (glowing shapeshifter)

Skill      XL: |  1  2  3  4  5  6  7  8  9 10 11 12 13 14 |
---------------+-------------------------------------------+-----
Stealth        | 2 |  2.0
Long Blades    | 3 4 5 6 7 8 9 10 11 12 13 14 | 14.9
Invocations    | 3 8 10 12 14 | 14.3
Evocations     | 4 6 8 |  8.0
Dodging        | 3 5 6 8 10 | 10.7
Fighting       | 6 8 10 | 10.4
Armour         | 4 5 |  5.6
Throwing       | 2 |  2.0

Action                   |  1- 3 |  4- 6 |  7- 9 | 10-12 | 13-15 || total
-------------------------+-------+-------+-------+-------+-------++-------
Melee: Falchion          |   102 |   129 |       |       |       ||   231
       Scimitar          |       |    22 |   286 |   436 |   907 ||  1651
       Great sword       |       |       |       |       |    52 ||    52
Throw: Throwing net      |       |       |       |       |     1 ||     1
Invok: Minor Destruction |       |       |    27 |    63 |    23 ||   113
       Lesser Servant of |       |       |     3 |    22 |     5 ||    30
       Greater Servant o |       |       |       |       |     5 ||     5
       Major Destruction |       |       |       |       |     1 ||     1
 Abil: Evoke Berserk Rag |       |       |       |     1 |       ||     1
Evoke: Wand              |       |       |    13 |     3 |    12 ||    28
  Use: Potion            |       |     6 |       |     5 |     3 ||    14
       Scroll            |       |     3 |     6 |     8 |    12 ||    29
 Stab: Sleeping          |     6 |     2 |     3 |     5 |     6 ||    22
       Distracted        |       |     1 |     3 |     8 |    12 ||    24
       Paralysed         |       |       |       |     6 |       ||     6
       Held in net/web   |       |       |       |       |     2 ||     2
  Eat: Chunk             |     2 |     5 |     8 |    16 |    26 ||    57
       Ration            |       |     1 |     1 |     3 |       ||     5
Armor: Robe              |     4 |       |       |       |       ||     4
       Ring mail         |    35 |    36 |    59 |    61 |    90 ||   281
       Scale mail        |       |       |       |       |   102 ||   102
       Chain mail        |       |       |       |       |    44 ||    44
Dodge: Dodged            |    73 |    74 |   114 |   256 |   730 ||  1247
       Rpst.: Falchion   |    22 |    19 |       |       |       ||    41
       Scimitar          |       |     5 |    34 |    76 |   141 ||   256
       Great sword       |       |       |       |       |     7 ||     7
